 Dungeon Crawl Stone Soup version 0.31.0-1-g2c135a0 (webtiles) character file.

Game seed: 11983972733619779023

14995 Obwnsil the Severer (level 11, 0/100 HPs)
             Began as a Minotaur Berserker on Feb 15, 2024.
             Was an Elder of Trog.
             Slain by a 14-headed hydra (10 damage)
             ... on level 2 of the Lair of Beasts on Feb 19, 2024.
             The game lasted 00:56:43 (7505 turns).

Obwnsil the Severer (Minotaur Berserker)            Turns: 7505, Time: 00:56:45

Health: 0/100      AC: 23    Str: 27    XL:     11   Next: 96%
Magic:  10/10      EV: 11    Int:  4    God:    Trog [****..]
Gold:   387        SH:  0    Dex:  9    Spells: 10/10 levels left

rFire   . . .        a - +0 hand axe (spect)
rCold   . . .        (no shield)
rNeg    . . .        p - +0 chain mail
rPois   .            (helmet restricted)
rElec   .            A - +2 cloak
rCorr   .            C - +2 pair of gloves
SInv    .            N - +2 pair of boots
Will    +....        (no amulet) Stlth
                     l - ring of willpower
HPRegen 0.36/turn    v - +4 ring of slaying
MPRegen 0.12/turn

%: no passive effects
@: no status effects
A: horns 2, retaliatory headbutt
a: Renounce Religion, Berserk, Trog's Hand, Brothers in Arms


You were on level 2 of the Lair of Beasts.
You worshipped Trog.
Trog was greatly pleased with you.
You visited 3 branches of the dungeon, and saw 12 of its levels.

You collected 541 gold pieces.
You spent 154 gold pieces at shops.

Inventory:

Hand Weapons
 a - a +0 spectral hand axe (weapon)
 x - a +2 short sword of draining
 z - a +2 quarterstaff of chaos
 J - a +3 long sword
Missiles
 i - 19 poisoned darts (quivered)
 I - a throwing net
Armour
 b - a +0 animal skin
 h - a +0 robe
 j - a +0 leather armour
 k - a +0 scale mail
 m - a +0 chain mail
 n - a +0 pair of boots
 o - a +0 leather armour
 p - a +0 chain mail (worn)
 t - the +0 ring mail "Bies" {Int+6}
   (You found it on level 2 of the Dungeon)

   Int+6:     It affects your intelligence (+6).
 y - a +0 cloak
 A - a +2 cloak (worn)
 C - a +2 pair of gloves (worn)
 N - a +2 pair of boots (worn)
Jewellery
 l - a ring of willpower (left hand)
 r - a ring of positive energy
 v - a +4 ring of slaying (right hand)
 L - a +6 ring of dexterity
Talismans
 K - a maw talisman
Wands
 B - a wand of iceblast (7)
 D - a wand of flame (27)
 H - a wand of light (8)
Scrolls
 f - 2 scrolls of immolation
 s - 3 scrolls of fear
 G - 2 scrolls of enchant armour
 O - a scroll of identify
 P - a scroll of teleportation
Potions
 c - a potion of mutation {unknown}
 d - a potion of invisibility {unknown}
 e - a potion of might {unknown}
 g - a potion of heal wounds
 q - a potion of cancellation
 u - 6 potions of curing
 w - a potion of lignification {unknown}
 E - 2 potions of magic
 F - a potion of resistance {unknown}
 M - 2 potions of ambrosia
Miscellaneous
 Q - a lightning rod (4/4)


   Skills:
 + Level 10.2 Fighting
 + Level 15.2 Axes
 + Level 2.3 Throwing
 + Level 12.6 Armour
 + Level 5.6 Dodging
 + Level 4.2 Stealth


You had 10 spell levels left.
You didn't know any spells.
Your spell library was empty.

Dungeon Overview and Level Annotations

Branches:
Dungeon (9/15)             Temple (1/1) D:6            Lair (2/5) D:9
  Swamp: Lair:2-3    Shoals: Lair:2-3     Snake: Lair:2-3    Spider: Lair:2-3
    Orc: D:9-12

Altars:
Ashenzari
Cheibriados
Dithmenos
Elyvilon
Fedhas
Gozag
Hepliaklqana
Kikubaaqudgha
Makhleb
Nemelex Xobeh
Okawaru
Qazlal
Ru
Sif Muna
Trog
Uskayaw
Vehumet
Wu Jian
Xom
Yredelemnul
Zin
The Shining One

Shops:
D:9 *


Innate Abilities, Weirdness & Mutations

You have a pair of horns on your head.
You reflexively headbutt those who attack you in melee.


Message History

Your spectral weapon shares its damage with you!
The 14-headed hydra bites your +0 spectral hand axe!
Your spectral weapon shares its damage with you!
Your +0 spectral hand axe disappears.
The 14-headed hydra bites you but does no damage. x2
The 14-headed hydra closely misses you. The 14-headed hydra bites you.
The 14-headed hydra bites you but does no damage. x2
The 14-headed hydra bites you.
The 14-headed hydra attacks as it pursues you!
The 14-headed hydra bites you.
The 14-headed hydra bites you but does no damage.
The 14-headed hydra bites you. x3; The 14-headed hydra closely misses you.
The 14-headed hydra bites you but does no damage. x2
The 14-headed hydra bites you.
* * * LOW HITPOINT WARNING * * *
The 14-headed hydra bites you.
* * * LOW HITPOINT WARNING * * *
The 14-headed hydra barely misses you. x4
You feel much better. The 14-headed hydra bites you.
The 14-headed hydra bites you but does no damage. x3
The 14-headed hydra barely misses you. The 14-headed hydra misses you.
The 14-headed hydra barely misses you.
The 14-headed hydra bites you but does no damage.
The 14-headed hydra bites you! The 14-headed hydra misses you. x2
The 14-headed hydra bites you but does no damage. x2
The 14-headed hydra bites you.
* * * LOW HITPOINT WARNING * * *
The 14-headed hydra attacks as it pursues you!
The 14-headed hydra closely misses you. The 14-headed hydra bites you.
* * * LOW HITPOINT WARNING * * *
The 14-headed hydra misses you. x2; The 14-headed hydra bites you!
* * * LOW HITPOINT WARNING * * *
The 14-headed hydra bites you but does no damage.
The 14-headed hydra bites you.
* * * LOW HITPOINT WARNING * * *
The 14-headed hydra bites you.
* * * LOW HITPOINT WARNING * * *
The 14-headed hydra bites you but does no damage. x5
The 14-headed hydra bites you!
You die...

#... #....# ... #..##
##....# .... ##..#
#...### ....#####P..#
#P..# ............#
#...# ............#
##..## #.........####
#...#
##....h.....#P####..##
#......D@............#
##...........######..#
#........#### #.##
#.........# ...
##.........# #..##
#.........# ##.#
#..>......# #.#
#>.......## ..# #.#


You could see a 14-headed hydra and a polar bear.

Vanquished Creatures
  Harold (Lair:1)
  Erolcha (D:9)
  A catoblepas (Lair:1)
  A two-headed ogre (D:9)
  A boulder beetle (Lair:1)
  4 cane toads (Lair:1)
  Joseph (D:8)
  4 komodo dragons
  Psyche (D:9)
  Grinder (D:4)
  A basilisk (Lair:1)
  A wyvern (D:9)
  28 yaks
  Eustachio (D:6)
  3 steam dragons
  7 water moccasins
  An acid dragon (D:6)
  2 orc warriors (D:9)
  2 sky beasts
  5 black bears
  6 wolves (Lair:1)
  2 ogres
  2 centaurs
  5 bullfrogs
  2 kobold brigands (D:9)
  3 scorpions
  6 killer bees
  A howler monkey (D:7)
  3 bombardier beetles
  5 hounds
  An orc priest (D:5)
  3 iron imps (D:9)
  Crazy Yiuf (D:4)
  An iguana (D:6)
  9 orc wizards
  2 sleepcaps
  Ijyb (D:4)
  3 gnolls (D:8)
  5 adders
  A shadow imp (D:5)
  3 white imps
  2 dart slugs
  22 orcs
  10 endoplasms
  2 goblins (D:2)
  9 hobgoblins
  4 jackals (D:5)
  7 quokkas
  8 ball pythons
  9 bats
  2 frilled lizards
  21 kobolds
  2 rats
230 creatures vanquished.

Vanquished Creatures (others)
  2 spectral weapons
2 creatures vanquished.

Grand Total: 232 creatures vanquished

Notes
Turn   | Place    | Note
-------+----------+-------------------------------------------
     0 | D:1      | Obwnsil the Minotaur Berserker began the quest for the Orb.
     0 | D:1      | Reached XP level 1. HP: 19/19 MP: 0/0
   447 | D:1      | Reached XP level 2. HP: 27/27 MP: 1/1
   567 | D:2      | Reached skill level 4 in Axes
   665 | D:2      | Reached XP level 3. HP: 26/33 MP: 2/2
   966 | D:2      | Reached ** piety under Trog
  1200 | D:2      | Identified the +0 ring mail "Bies" {Int+6}
  1458 | D:3      | Reached skill level 5 in Axes
  1458 | D:3      | Reached XP level 4. HP: 40/41 MP: 3/3
  1691 | D:3      | Found a shadowy altar of Dithmenos.
  1774 | D:3      | Reached XP level 5. HP: 45/47 MP: 4/4
  1835 | D:4      | Noticed Ijyb
  1843 | D:4      | Killed Ijyb
  2076 | D:4      | Found a runed translucent door.
  2077 | D:4      | Noticed Crazy Yiuf
  2082 | D:4      | Killed Crazy Yiuf
  2083 | D:4      | Reached skill level 6 in Axes
  2214 | D:4      | Reached skill level 5 in Fighting
  2214 | D:4      | Reached XP level 6. HP: 53/56 MP: 5/5
  2389 | D:4      | Found a bloodstained altar of Trog.
  2439 | D:4      | Noticed Grinder
  2445 | D:4      | Killed Grinder
  2446 | D:4      | Reached skill level 7 in Axes
  2724 | D:4      | Found a blossoming altar of Fedhas.
  2735 | D:4      | Reached XP level 7. HP: 61/61 MP: 6/6
  2783 | D:4      | You fall into a shaft and drop 1 floor!
  2783 | D:5      | Entered Level 5 of the Dungeon
  2981 | D:5      | Found a shimmering blue altar of Sif Muna.
  3071 | D:5      | Reached skill level 1 in Throwing
  3085 | D:5      | Reached skill level 8 in Axes
  3359 | D:6      | Found a staircase to the Ecumenical Temple.
  3381 | Temple   | Entered the Ecumenical Temple
  3533 | D:6      | Noticed Eustachio
  3543 | D:6      | Killed Eustachio
  3544 | D:6      | Reached skill level 5 in Armour
  3544 | D:6      | Reached XP level 8. HP: 70/70 MP: 7/7
  3561 | D:6      | Reached skill level 9 in Axes
  3662 | D:6      | Found a hazy altar of Hepliaklqana.
  3662 | D:6      | Found a white marble altar of Elyvilon.
  3979 | D:6      | Found a sparkling altar of Nemelex Xobeh.
  4335 | D:7      | Reached skill level 10 in Axes
  4518 | D:7      | Reached XP level 9. HP: 56/78 MP: 8/8
  4678 | D:7      | Reached skill level 11 in Axes
  5018 | D:8      | Reached *** piety under Trog
  5189 | D:8      | Noticed Joseph
  5199 | D:8      | Killed Joseph
  5353 | D:8      | Reached skill level 12 in Axes
  5703 | D:9      | Noticed a two-headed ogre
  5713 | D:9      | Killed a two-headed ogre
  5714 | D:9      | Reached XP level 10. HP: 83/86 MP: 9/9
  5743 | D:9      | Reached skill level 1 in Stealth
  5917 | D:9      | Noticed Psyche
  5957 | D:9      | Killed Psyche
  5958 | D:9      | Reached skill level 10 in Armour
  6019 | D:9      | Reached skill level 13 in Axes
  6057 | D:9      | Found a staircase to the Lair.
  6325 | D:9      | Found a burning altar of Makhleb.
  6399 | D:9      | Found Ulyol's General Store.
  6414 | D:9      | Bought a potion of curing for 42 gold pieces
  6414 | D:9      | Bought a potion of ambrosia for 112 gold pieces
  6440 | D:9      | Noticed Erolcha
  6454 | D:9      | Killed Erolcha
  6454 | D:9      | Reached **** piety under Trog
  6674 | Lair:1   | Entered Level 1 of the Lair of Beasts
  6704 | Lair:1   | Noticed a cane toad
  6707 | Lair:1   | Noticed Harold
  6714 | Lair:1   | Killed a cane toad
  6715 | Lair:1   | Reached XP level 11. HP: 95/95 MP: 10/10
  6718 | Lair:1   | Reached skill level 14 in Axes
  6727 | Lair:1   | Killed Harold
  6728 | Lair:1   | Noticed a boulder beetle
  6734 | Lair:1   | Reached skill level 5 in Dodging
  6759 | Lair:1   | Killed a boulder beetle
  7153 | Lair:1   | Reached skill level 15 in Axes
  7353 | Lair:1   | Noticed a catoblepas
  7367 | Lair:1   | Killed a catoblepas
  7368 | Lair:1   | Reached skill level 10 in Fighting
  7494 | Lair:2   | Noticed a six-headed hydra
  7505 | Lair:2   | Slain by a 14-headed hydra

Illustrated notes

Levels and vault maps discovered:
D:1:      dpeg_arrival_boxorama, layout_basic
D:2:      minmay_razor_zed, layout_rooms
D:3:      layout_basic, grunt_dithmenos_smoke_and_mirrors
D:4:      layout_gridville, mainiacjoe_overflow_paths,
          mainiacjoe_overflow_tiny_flanked, uniq_ijyb, uniq_crazy_yiuf_cottage,
          uniq_grinder
D:5:      layout_loops_cross, lemuel_round_altar, uniq_sigmund
D:6:      layout_basic, nemelex_dance_club_becter,
          gammafunk_temple_overflow_statue, minmay_temple_entry_statues,
          uniq_eustachio
D:7:      layout_basic
D:8:      layout_loops_ring, uniq_joseph
D:9:      layout_roguey, demons_altar, grunt_lair_entry_orc_guard_hut,
          serial_shops, shop, minmay_hedge_maze, abandoned_shop,
          nicolae_figureground_sparkle, uniq_psyche, uniq_erolcha
Temple:   nicolae_temple_two_arcs
Lair:1:   layout_roguey, grunt_megastairs_4, uniq_harold
Lair:2:   layout_long_grid, guppyfry_snake_entry_garden, lemuel_fruit_tree,
          infiniplex_staircase_pool

Skill      XL: |  1  2  3  4  5  6  7  8  9 10 11 |
---------------+----------------------------------+-----
Fighting       | 4 5 6 7 8 10 | 10.2
Axes           | 4 5 6 7 8 10 12 13 15 | 15.2
Armour         | 3 4 5 7 9 11 12 | 12.6
Dodging        | 3 4 5 |  5.6
Throwing       | 1 2 |  2.3
Stealth        | 2 4 |  4.2

Action                     |  1- 3 |  4- 6 |  7- 9 | 10-12 || total
---------------------------+-------+-------+-------+-------++-------
  Melee: Hand axe          |    83 |    82 |   147 |   214 ||   526
         Headbutt          |     7 |    19 |    35 |    56 ||   117
         Punch             |     1 |       |       |     9 ||    10
  Throw: Dart              |       |     4 |     1 |       ||     5
 Invoke: Berserk           |     2 |     3 |     3 |     5 ||    13
         Trog's Hand       |       |       |     3 |     7 ||    10
    Use: Scroll            |     1 |     7 |     5 |     5 ||    18
         Potion            |       |       |       |     5 ||     5
   Stab: Distracted        |       |       |     1 |     5 ||     6
 Armour: Animal skin       |     3 |       |       |       ||     3
         Robe              |     2 |       |       |       ||     2
         Leather armour    |    17 |       |       |       ||    17
         Chain mail        |    31 |    30 |    99 |   192 ||   352
  Dodge: Dodged            |    53 |    26 |    49 |    73 ||   201
